 Dungeon Crawl Stone Soup version 0.29.1-14-g9c671dbff4 (webtiles) character file.

Game seed: 5263534304991966496

387 Eitelfritz the Slasher (level 6, -2/52 HPs)
             Began as a Minotaur Gladiator on Feb 17, 2023.
             Slain by a sky beast (3 damage)
             ... on level 6 of the Dungeon.
             The game lasted 00:05:45 (2160 turns).

Eitelfritz the Slasher (Minotaur Gladiator)         Turns: 2160, Time: 00:05:46

Health: -2/52      AC: 14    Str: 18    XL:     6   Next: 49%
Magic:  5/5        EV:  8    Int:  7    God:
Gold:   206        SH:  0    Dex: 12    Spells: 5/5 levels left

rFire   . . .      SeeInvis .   a - +0 long sword
rCold   . . .      Faith    .   (no shield)
rNeg    . . .      Spirit   .   f - +0 chain mail
rPois   +          Reflect  .   c - +0 hat
rElec   .          Harm     .   r - +0 cloak
rCorr   .          Rampage  .   j - +2 pair of gloves
Will    .....                   g - +0 pair of boots
Stlth   ..........              (no amulet)
HPRegen 0.17/turn               m - ring of poison resistance
MPRegen 0.09/turn               (no ring)

@: about to teleport, on berserk cooldown, slowed, very slow
A: horns 2, retaliatory headbutt
a: no special abilities


You were on level 6 of the Dungeon.
You visited 1 branch of the dungeon, and saw 4 of its levels.

You collected 206 gold pieces.

Inventory:

Hand Weapons
 a - a +0 long sword (weapon)
 q - a +0 flail
Missiles
 b - 4 poisoned darts
 d - 3 throwing nets (quivered)
 e - 4 javelins
 n - 30 stones
 p - a boomerang
Armour
 c - a +0 hat (worn)
 f - a +0 chain mail (worn)
 g - a +0 pair of boots (worn)
 j - a +2 pair of gloves (worn)
 r - a +0 cloak (worn)
Jewellery
 i - an amulet of magic regeneration
 m - a ring of poison resistance (left hand)
Scrolls
 k - a scroll of teleportation
Potions
 l - 2 potions of flight


   Skills:
 + Level 3.8 Fighting
 + Level 6.9 Long Blades
 + Level 2.0 Throwing
 + Level 3.3 Armour
 + Level 3.9 Dodging
 + Level 0.5 Stealth


You had 5 spell levels left.
You didn't know any spells.
Your spell library was empty.

Dungeon Overview and Level Annotations

Branches:
Dungeon (3/15)

Altars:

Shops:
D:1 (


Innate Abilities, Weirdness & Mutations

You have a pair of horns on your head.
You reflexively headbutt those who attack you in melee.


Message History

The sky beast is heavily wounded.
The gnoll hits you but does no damage. The gnoll completely misses you.
The sky beast hits you but does no damage.
The gnoll hits you but does no damage. x2
You feel better. The sky beast completely misses you.
The gnoll hits you but does no damage.
The gnoll hits you from afar with a +0 spear.
The sky beast hits you but does no damage.
You slash the sky beast! Your headbutt misses the sky beast.
The sky beast is almost dead.
The gnoll closely misses you. The gnoll hits you but does no damage.
The sky beast hits you but does no damage.
The gnoll hits you but does no damage. x2
You miss the sky beast.
The sky beast is almost dead.
The sky beast hits you but does no damage.
The gnoll closely misses you. x2; The sky beast hits you.
* * * LOW HITPOINT WARNING * * *
The sky beast shocks you.
* * * LOW HITPOINT WARNING * * *
You closely miss the sky beast. Your headbutt misses the sky beast.
The sky beast is almost dead.
The gnoll hits you from afar with a +0 spear.
* * * LOW HITPOINT WARNING * * *
The gnoll hits you from afar with a +0 spear.
* * * LOW HITPOINT WARNING * * *
The sky beast hits you but does no damage.
The gnoll closely misses you. The gnoll hits you but does no damage.
As you read the scroll labelled XITANW ZEVOTHO, it crumbles to dust.
You feel strangely unstable.
It was a scroll of teleportation.
The sky beast closely misses you.
The gnoll hits you but does no damage. x2
The sky beast barely misses you.
You hit the sky beast but do no damage.
The sky beast is almost dead.
The gnoll hits you from afar with a +0 spear.
* * * LOW HITPOINT WARNING * * *
The gnoll hits you from afar with a +0 spear.
* * * LOW HITPOINT WARNING * * *
The sky beast hits you.
You die...

#.# #....# #.# #....##
##.# #..#..## #..#
#..#...## #..## .
##Y........
#...####...####..........
#.........g..g....##.....
#.#.##....#####g..# .....
#.?....#### #@YY### ....
##.[.### ###g.........
#...# #.##.#..... #.#.#
#.# .. .. .# ... . ## ..
... .# .#.# ..


You could see 2 sky beasts and 2 gnolls.

Vanquished Creatures
  An ice beast (D:6)
  A howler monkey (D:6)
  2 gnoll boudas (D:6)
  2 hounds (D:6)
  An orc wizard (D:3)
  5 gnolls (D:6)
  An adder (D:2)
  A dart slug (D:2)
  8 orcs
  5 ball pythons
  4 bats
  2 endoplasms
  2 giant cockroaches
  5 hobgoblins
  2 jackals (D:1)
  3 quokkas
  A frilled lizard (D:3)
  5 goblins
  6 kobolds
  7 rats
64 creatures vanquished.

Vanquished Creatures (others)
  A fungus (D:3)
  4 plants (D:3)
5 creatures vanquished.

Grand Total: 69 creatures vanquished

Notes
Turn   | Place    | Note
-------+----------+-------------------------------------------
     0 | D:1      | Eitelfritz the Minotaur Gladiator began the quest for the
                  | Orb.
     0 | D:1      | Reached XP level 1. HP: 18/18 MP: 0/0
   207 | D:1      | Reached skill level 4 in Long Blades
   223 | D:1      | Reached XP level 2. HP: 25/25 MP: 1/1
   223 | D:1      | Found Ibriaros's Antique Weapon Shoppe.
   868 | D:2      | Reached XP level 3. HP: 30/30 MP: 2/2
  1343 | D:2      | Reached skill level 1 in Armour
  1748 | D:2      | Reached skill level 5 in Long Blades
  1863 | D:3      | Reached XP level 4. HP: 37/37 MP: 3/3
  2063 | D:3      | You fall into a shaft and drop 3 floors!
  2065 | D:6      | Noticed an ice beast
  2114 | D:6      | Reached skill level 6 in Long Blades
  2114 | D:6      | Reached XP level 5. HP: 43/45 MP: 4/4
  2124 | D:6      | Noticed a sky beast
  2134 | D:6      | Killed an ice beast
  2135 | D:6      | Reached XP level 6. HP: 51/51 MP: 5/5
  2143 | D:6      | Noticed a sky beast
  2160 | D:6      | HP: 1/52 [gnoll/+0 spear[a gnoll bouda] (2)]
  2160 | D:6      | Slain by a sky beast

Illustrated notes

Levels and vault maps discovered:
D:1:      saegor_arrival_simple_e, layout_basic, serial_shops, shop_statue,
          minmay_tetromino_i2
D:2:      layout_basic
D:3:      layout_rooms, nicolae_overflow_ecumenical_swirl,
          gammafunk_ghost_gnarly_gnolls,
          dreamdust_ecumenical_altar_hidden_monk_grotto,
          minmay_tree_intersection, uniq_crazy_yiuf_cottage
D:6:      layout_cave_pools, nicolae_yredelemnul_ghost_church,
          lemuel_crystal_altar, serial_gnoll_camp, gnoll_camp_mini_loothouse,
          gnoll_camp_huts_basic, gnoll_camp_mini_shop, grums_kennel,
          gnoll_camp_medium_02, minmay_misc_feat_alley,
          hangedman_abyss_or_decor_stabs, st_stairs_13, minmay_checkerbox

Skill      XL: |  1  2  3  4  5 |
---------------+----------------+-----
Long Blades    | 4 5 6 |  6.9
Armour         | 1 2 3 |  3.3
Fighting       | 3 |  3.8
Throwing       | |  2.0
Dodging        | |  3.9
Stealth        | |  0.5

Action                   |  1- 3 |  4- 6 || total
-------------------------+-------+-------++-------
Melee: Long sword        |    87 |    68 ||   155
       Headbutt          |    20 |    11 ||    31
  Use: Scroll            |       |     4 ||     4
       Potion            |       |     2 ||     2
Armor: Leather armour    |     9 |       ||     9
       Chain mail        |    55 |    59 ||   114
Dodge: Dodged            |    59 |    41 ||   100
